 Dungeon Crawl Stone Soup version 0.31.0-12-g77e489cdc1 (webtiles) character file.

Game seed: 13441398099593405541

37 Killerpretzel the Changeling (level 3, -4/23 HPs)
             Began as an Octopode Shapeshifter on Feb 13, 2024.
             Killed from afar by an orc wizard (12 damage)
             ... with a puff of flame
             ... on level 2 of the Dungeon.
             The game lasted 00:01:23 (911 turns).

Killerpretzel the Changeling (Octopode Shapeshifter) Turns: 911, Time: 00:01:23

Health: -4/23      AC:  1    Str: 13    XL:     3   Next: 41%
Magic:  3/3        EV: 13    Int: 12    God:
Gold:   52         SH:  0    Dex: 13    Spells: 2/2 levels left

rFire   . .          .
                       - Unarmed
rCold   . . .        (no shield)
rNeg    . . .        (helmet currently unavailable)
rPois   .            (no amulet)
rElec   .            d - ring of willpower
rCorr   .            (no ring)
SInv    .            (no ring)
Will    +....        (no ring)
Stlth   ++           (no ring)
HPRegen 0.23/turn    (no ring)
MPRegen 0.08/turn    (no ring)
                     (no ring)

%: no passive effects
@: beast-form
A: beast (slay +2), almost no armour, amphibious, 8 rings, camouflage 1,
gelatinous body 1, (nimble swimmer 1), tentacles
a: Begin Untransformation


You were on level 2 of the Dungeon.
You were a hulking beast.
You visited 1 branch of the dungeon, and saw 2 of its levels.

You collected 52 gold pieces.

Inventory:

Jewellery
 d - a ring of willpower (left tentacle)
 h - a +4 ring of protection
Talismans
 b - a beast talisman
 c - a flux talisman
Potions
 a - a potion of lignification
 f - 3 potions of heal wounds
 i - 2 potions of curing {unknown}


   Skills:
 + Level 1.5 Fighting
 + Level 2.4 Dodging
 + Level 3.3 Unarmed Combat
 * Level 3.5 Shapeshifting


You had 2 spell levels left.
You didn't know any spells.
Your spell library contained the following spells:

 Spells                   Type           Power      Damage    Failure   Level
 Apportation              Tloc           0%         N/A       32%         1
 Necrotise                Necr           0%         1d4       32%         1
 Sting                    Conj/Alch      0%         1d3       32%         1
 Summon Small Mammal      Summ           0%         N/A       32%         1


Dungeon Overview and Level Annotations

Branches:
Dungeon (2/15)

Altars:


Innate Abilities, Weirdness & Mutations

You are a hulking beast.
Your limbs bulge with bestial killing power. (Slay +2)
You cannot wear most types of armour.
You are amphibious.
You can wear up to eight rings at the same time.
Your skin changes colour to match your surroundings (Stealth+).
Your rubbery body absorbs attacks. (AC +1, EV +1)
((You are camouflaged when in or above water. (Stealth+)))
You have tentacles for arms and can constrict up to eight enemies at once.


Message History

The orc hits you with a +0 flail.
Items here: )) [ †.
You tentacle-slap the orc. Your grab misses the orc.
The orc is heavily wounded.
The orc hits you with a +0 flail!
You barely miss the orc. You grab the orc. You squeeze the orc.
You kill the orc!
You bludgeon the orc!
You kill the orc!
Things that are here:
a +0 club; an orc corpse You are too injured to fight recklessly!
You are too injured to fight recklessly!
You are too injured to fight recklessly!
You are too injured to fight recklessly!
You are too injured to fight recklessly!
You are too injured to fight recklessly!
You are too injured to fight recklessly!
You are too injured to fight recklessly!
You are too injured to fight recklessly!
You are too injured to fight recklessly!
An orc wizard comes into view. It is wielding a +0 dagger.
Items here: )) [ †.
You miss the orc wizard.
The orc wizard shouts!
You grab the orc wizard.
You constrict the orc wizard, but do no damage.
The orc wizard gestures at you while chanting.
The magic dart hits you!
You completely miss the orc wizard. You squeeze the orc wizard!
The orc wizard is heavily wounded.
You constrict the orc wizard, but do no damage.
The orc wizard barely misses you.
You tentacle-slap the orc wizard. You squeeze the orc wizard.
The orc wizard is almost dead.
You constrict the orc wizard, but do no damage.
The orc wizard points at you and mumbles some strange words.
The puff of flame hits you!
Ouch! That really hurt!
You die...

#....#.# #..#
#.#.## #..# #
#.## .# #.#
#.# #.#
##..#####.#
##†###.....#
##).........#
#h###.#.#####
#.>...o##
#.#.# ###.###
#.#.# #.#.#
#.#.# #.#.#
#.#.# #.#.#


You could see an orc wizard.

Vanquished Creatures
  An adder (D:2)
  A dart slug (D:1)
  4 orcs (D:2)
  An endoplasm (D:1)
  3 giant cockroaches (D:1)
  3 goblins (D:1)
  A kobold (D:1)
  3 ball pythons
  3 bats
  A rat (D:1)
21 creatures vanquished.

Notes
Turn   | Place    | Note
-------+----------+-------------------------------------------
     0 | D:1      | Killerpretzel the Octopode Shapeshifter began the quest for
                  | the Orb.
     0 | D:1      | Reached XP level 1. HP: 13/13 MP: 1/1
    76 | D:1      | Reached XP level 2. HP: 16/18 MP: 2/2
   773 | D:2      | Reached XP level 3. HP: 15/23 MP: 3/3
   911 | D:2      | Killed from afar by an orc wizard

Illustrated notes

Levels and vault maps discovered:
D:1:      heliophobic_arrival_henge, layout_basic
D:2:      layout_loops_ring, uniq_robin

Action                     || total
---------------------------++-------
  Melee: Unarmed           ||    43
         Constrict         ||    12
         Punch             ||     2
         Tentacles         ||     8
    Use: Scroll            ||     3
   Stab: Sleeping          ||     1
 Armour: Skin              ||    21
  Dodge: Dodged            ||    29
